 Seeded DCSS version 0.30-a0-125-g51eefa89be (webtiles) character file.

Game seed: 8919145477362671510 (custom seed)

60 timneilson the Covered (level 4, 0/42 HPs)
             Began as a Gargoyle Fighter on Sept 18, 2022.
             Slain by an orc
             ... wielding a +0 falchion
              (4 damage)
             ... on level 2 of the Dungeon.
             The game lasted 00:01:43 (1969 turns).

timneilson the Covered (Gargoyle Fighter)           Turns: 1969, Time: 00:01:43

Health: 0/42       AC: 22    Str: 22    XL:     4   Next: 4%
Magic:  4/4        EV:  2    Int:  8    God:
Gold:   85         SH:  4    Dex:  9    Spells: 3/3 levels left

rFire   . . .      SeeInvis .    a - +0 long sword
rCold   . . .      Faith    .    c - +0 buckler
rNeg    + . .      Spirit   .    (body armour currently unavailable)
rPois   ∞          Reflect  .    (helmet currently unavailable)
rElec   .          Harm     .    (cloak currently unavailable)
rCorr   .          Rampage  .    (gloves currently unavailable)
Will    .....      NoTele   +    (boots currently unavailable)
Stlth   +.........               (no amulet)
HPRegen 0.14/turn                (no ring)
MPRegen 0.09/turn                (no ring)

@: tree-form
A: stationary, stasis, torment immunity, boosted hp, sickness immunity, AC +3,
negative energy resistance 1, (electricity resistance), torment resistance 1,
petrification resistance
a: no special abilities


You were on level 2 of the Dungeon.
You were a tree.
You visited 1 branch of the dungeon, and saw 2 of its levels.

You collected 85 gold pieces.

Inventory:

Hand Weapons
 a - a +0 long sword (weapon)
Armour
 b - a +0 scale mail (melded)
 c - a +0 buckler (worn)
Scrolls
 f - a scroll of vulnerability {unknown}
 g - a scroll of magic mapping {unknown}
 h - a scroll of noise {unknown}
Potions
 d - 2 potions of might


   Skills:
 + Level 3.6 Fighting
 * Level 2.4 Long Blades
 * Level 3.9 Armour
 + Level 0.5 Dodging
 * Level 3.9 Shields


You had 3 spell levels left.
You didn't know any spells.
Your spell library was empty.

Dungeon Overview and Level Annotations

Branches:
Dungeon (2/15)

Altars:


Innate Abilities, Weirdness & Mutations

You are a tree.
Your roots penetrate the ground, keeping you stationary.
You cannot be teleported.
You are immune to unholy pain and torment.
Your maximum health is greatly increased.
Your equipment is partially melded.
You are immune to sickness and miasma.
((Your stone body is resilient. (AC +3)))
You are immune to poison.
You resist negative energy. (rN+)
((You are resistant to electric shocks. (rElec)))
You are resistant to unholy torment.
You are immune to petrification.


Message History

The orc barely misses you.
It was a potion of magic.
Magic courses through your body. The orc barely misses you.
It was a potion of lignification.
You turn into a tree.
Your +0 scale mail melds into your body.
Your roots penetrate the ground.
The orc hits you but does no damage.
Okay, then.
You closely miss the orc.
The orc is heavily wounded.
The orc hits you but does no damage.
You hit the orc.
You kill the orc!
You block the orc's attack.
You have reached level 4!
You feel stronger.
You hit the orc.
The orc is moderately wounded.
The orc hits you with a +0 club.
* * * LOW HITPOINT WARNING * * *
You hit the orc.
The orc is severely wounded.
The orc hits you but does no damage.
You barely miss the orc.
The orc is severely wounded.
The orc hits you with a +0 club.
* * * LOW HITPOINT WARNING * * *
You block the orc's attack.
You slash the orc!
You kill the orc!
You hit the orc.
The orc is moderately wounded.
The orc hits you but does no damage.
You barely miss the orc.
The orc is moderately wounded.
The orc hits you with a +0 falchion.
* * * LOW HITPOINT WARNING * * *
You hit the orc but do no damage.
The orc is moderately wounded.
The orc hits you with a +0 falchion.
You die...

#.........########
#...†.........##.###########
#........(###.#.............
#.#.....#.# #.......########
#.##...##.# ###.....#
#.........# ##.#### ####
#####.###.## #.# #...
#.##.#.## #.# #.##
#.#.###♣####+# #.# #..##
##o##...## #.##
###.###.##.....## #.##
##.#.#.##.......## ##..#
#######...#.##.........###....
......)....o.+.........'......
##...........#.........###....
#..#########.##.......## #.#..
# ...o...o###.....## #.##.


You could see an orc.

Vanquished Creatures
  A worm (D:2)
  3 dart slugs
  2 orcs (D:2)
  6 ball pythons (D:1)
  9 endoplasms
  3 giant cockroaches
  4 goblins
  2 hobgoblins (D:1)
  3 kobolds (D:1)
  4 bats
  3 frilled lizards (D:1)
  5 rats (D:1)
45 creatures vanquished.

Notes
Turn   | Place    | Note
-------+----------+-------------------------------------------
     0 | D:1      | timneilson the Gargoyle Fighter began the quest for the
                  | Orb.
     0 | D:1      | Reached XP level 1. HP: 14/14 MP: 1/1
   203 | D:1      | Reached XP level 2. HP: 15/19 MP: 2/2
   703 | D:1      | Reached XP level 3. HP: 20/23 MP: 3/3
  1963 | D:2      | Reached XP level 4. HP: 12/28 MP: 4/4
  1969 | D:2      | Slain by an orc

Illustrated notes

Levels and vault maps discovered:
D:1:      enne_arrival_octagon_isle, layout_basic, st_stairs_8,
          chequers_serial_rivers_small_a, minmay_indecisive_spiral
D:2:      cheibrodos_pilgrimage, layout_loops_corners

Skill      XL: |  1  2 |
---------------+-------+-----
Long Blades    | 2 |  2.4
Fighting       | |  3.6
Armour         | |  3.9
Dodging        | |  0.5
Shields        | |  3.9

Action                   |  1- 3 |  4- 6 || total
-------------------------+-------+-------++-------
Melee: Long sword        |   131 |     7 ||   138
  Use: Potion            |     2 |       ||     2
Armor: Scale mail        |    70 |       ||    70
       Skin              |     2 |     2 ||     4
Dodge: Dodged            |    61 |       ||    61
Block: Buckler           |    36 |     1 ||    37

Table legend: (Time is in decaauts)
 A = Elapsed time spent in this place.
 B = Non-inter-level travel time spent in this place.
 C = Inter-level travel time spent in this place.
 D = Time resting spent in this place.
 E = Time spent auto-exploring this place.
 F = Levels seen in this place.
 G = Mean time per level.
                   A        B        C        D        E       F      G
               +--------+--------+--------+--------+--------+-----+--------+
         Total |   2014 |   1981 |     33 |      0 |   1672 |   2 | 1007.0 |
       Dungeon |   2014 |   1981 |     33 |      0 |   1672 |   2 | 1007.0 |
               +--------+--------+--------+--------+--------+-----+--------+

Top non-repeatable levels by time:
     D:1: 1527 daAuts
     D:2: 486 daAuts
